 Dungeon Crawl Stone Soup version 0.31-a0-698-g4a7cf283bb (webtiles) character file.

Game seed: 13930584833788417652

28 qw the Shooter (level 3, 0/21 HPs)
             Began as a Gargoyle Hunter on Sept 7, 2023.
             Slain by a goblin
             ... wielding a +0 club
             ... led by Robin
              (2 damage)
             ... on level 2 of the Dungeon.
             The game lasted 00:00:19 (956 turns).

qw the Shooter (Gargoyle Hunter)                     Turns: 956, Time: 00:00:20

Health: 0/21       AC:  8    Str: 14    XL:     3   Next: 14%
Magic:  3/3        EV: 10    Int:  9    God:
Gold:   25         SH:  0    Dex: 15    Spells: 2/2 levels left

rFire   . . .        Y - +0 shortbow
rCold   . . .        (shield currently unavailable)
rNeg    + . .        e - +0 ring mail
rPois   inf          (no helmet)
rElec   +            (no cloak)
rCorr   +            (no gloves)
SInv    .            (no boots)
Will    .....        (no amulet)
Stlth   +            j - ring of resist corrosion
HPRegen 0.23/turn    (no ring)
MPRegen 0.08/turn

%: no passive effects
@: no status effects
A: sickness immunity, AC +3, negative energy resistance 1, electricity
resistance, torment resistance 1, petrification resistance
a: no special abilities


You were on level 2 of the Dungeon.
You visited 1 branch of the dungeon, and saw 2 of its levels.

You collected 25 gold pieces.


Innate Abilities, Weirdness & Mutations

You are immune to sickness and miasma.
Your stone body is resilient. (AC +3)
You are immune to poison.
You resist negative energy. (rN+)
You are resistant to electric shocks. (rElec)
You are resistant to unholy torment.
You are immune to petrification.


   Skills:
 - Level 2.1 Fighting
 - Level 4.8 Ranged Weapons
 + Level 0.8 Armour
 - Level 1.5 Dodging
 - Level 1.1 Stealth


You had 2 spell levels left.
You didn't know any spells.
Your spell library was empty.

Inventory:

Hand Weapons
 Y - a +0 shortbow (weapon)
Armour
 e - a +0 ring mail (worn)
Jewellery
 j - a ring of resist corrosion (left hand)
Potions
 i - a potion of haste {unknown}

Dungeon Overview and Level Annotations

Branches:
Dungeon (2/15)

Altars:

Annotations:
D:2 Robin


Message History

Robin roars a battlecry!
The goblins go into a battle-frenzy!
The hobgoblin hits you but does no damage.
The goblin hits you but does no damage.
The goblin shouts!
You hear a shout! x3
You shoot an arrow. The arrow hits the hobgoblin.
You kill the hobgoblin!
The goblin hits you with a +0 club.
A hobgoblin comes into view.
Robin throws the goblin at you! The goblin barely misses you.
The goblin unwields a +0 sling.
The goblin wields a +0 dagger.
The goblin hits you but does no damage.
You shoot an arrow. The arrow barely misses the goblin.
The goblin hits you but does no damage. The goblin barely misses you.
The goblin hits you but does no damage.
You shoot an arrow.
The arrow hits the goblin but does no damage.
The goblin hits you but does no damage. The goblin closely misses you.
The goblin hits you with a +0 dagger.
Robin roars a battlecry!
A goblin comes into view. It is wielding a +0 club.
The goblin hits you with a +0 club.
You shoot an arrow. The arrow misses the goblin.
The goblin closely misses you. The goblin hits you with a +0 dagger.
The goblin closely misses you. The goblin hits you with a +0 club.
You shoot an arrow. The arrow hits the goblin.
The goblin is moderately wounded.
The goblin hits you but does no damage. The goblin misses you.
The goblin hits you with a +0 club. The goblin hits you with a +0 dagger.
You shoot an arrow. The arrow hits the goblin!
You kill the goblin!
The goblin barely misses you. The goblin closely misses you.
You shoot an arrow. The arrow closely misses the goblin.
The goblin hits you with a +0 club. The goblin hits you but does no damage.
Robin throws the goblin at you! The goblin hits you but does no damage.
You shoot an arrow. The arrow hits the goblin.
The goblin is severely wounded.
A goblin comes into view. It is wielding a +0 dagger.
The goblin barely misses you. The goblin hits you with a +0 club.
You die...

#........#
#........+
#........######
###.....<.......
.gg.........#.##
....###.......#
g. #.....g..##
#....#g#.#
#....#@#(#
......ggg# .
<......g.# #
..........#
####......#
#......#
##?...## #....


You could see Robin, a hobgoblin (strong) and 4 goblins.

Vanquished Creatures
  2 dart slugs (D:1)
  2 endoplasms (D:1)
  A giant cockroach (D:1)
  A goblin (D:2)
  6 hobgoblins
  2 ball pythons (D:1)
  4 bats (D:1)
  3 frilled lizards (D:1)
  A kobold (D:1)
  A rat (D:1)
23 creatures vanquished.

Notes
Turn   | Place    | Note
-------+----------+-------------------------------------------
     0 | D:1      | qw the Gargoyle Hunter began the quest for the Orb.
     0 | D:1      | Reached XP level 1. HP: 12/12 MP: 1/1
     0 | D:1      | 0 ||| qw: Version: 0.3-a-76-g4403597
     0 | D:1      | 0 ||| qw: Game counter: 367
     0 | D:1      | 0 ||| qw: Melee chars always use a shield: true
     0 | D:1      | 0 ||| qw: God list: Okawaru
     0 | D:1      | 0 ||| qw: Allow faded altars: false
     0 | D:1      | 0 ||| qw: Do Orc after clearing Dungeon:15 true
     0 | D:1      | 0 ||| qw: Do second Lair branch before Depths: true
     0 | D:1      | 0 ||| qw: Lair rune preference: random
     0 | D:1      | 0 ||| qw: Goals: Normal
     0 | D:1      | 0 ||| PLANNING D:1-11
   156 | D:1      | Reached XP level 2. HP: 17/17 MP: 2/2
   179 | D:1      | 179 ||| Stepping ~*~*~tactically~*~*~ (water).
   762 | D:1      | 762 ||| UPGRADING to +0 ring mail.
   772 | D:1      | 772 ||| DROPPING +0 leather armour.
   773 | D:1      | 773 ||| UPGRADING to ring of resist corrosion.
   774 | D:1      | 774 ||| READING scroll labelled ZOTUBEZXEU.
   775 | D:1      | 775 ||| READING scroll labelled DOYXIH WOCAAG.
   776 | D:1      | 776 ||| READING scroll labelled RETSAE IPIU.
   777 | D:1      | 777 ||| READING scroll labelled FIEJAT NOBBEMM.
   878 | D:1      | 878 ||| DROPPING scroll of butterflies.
   937 | D:2      | 937 ||| RETREATING.
   937 | D:2      | Noticed Robin
   941 | D:2      | 941 ||| Stepping ~*~*~tactically~*~*~ (retreating).
   942 | D:2      | 942 ||| Stepping ~*~*~tactically~*~*~ (retreating).
   943 | D:2      | 943 ||| Stepping ~*~*~tactically~*~*~ (retreating).
   946 | D:2      | Reached XP level 3. HP: 21/21 MP: 3/3
   953 | D:2      | HP: 3/21 [goblin/+0 dagger[Robin] (5)]
   956 | D:2      | Slain by a goblin

Levels and vault maps discovered:
D:1:      saegor_arrival_under_anarchy, layout_basic, minmay_misc_feat_pillars,
          nicolae_concentric_dashed_squares_mild,
          minmay_misc_feat_secret_circle, fountainhead
D:2:      minmay_angry_zag, layout_basic, serial_shops, nicolae_shop_tiny_glass,
          hellmonk_ecumenical_altar_pennies_from_heaven, uniq_robin

Action                     || total
---------------------------++-------
   Fire: Shortbow          ||    70
    Use: Scroll            ||     4
 Armour: Leather armour    ||    11
         Ring mail         ||    25
  Dodge: Dodged            ||    23

Table legend:
 A = Non-vault XP
 B = Vault XP
 C = Vault XP percentage of total XP
 D = Non-vault monster count
 E = Vault monster count
 F = Vault count percentage of total count
                 A         B        C        D         E       F
            +---------+---------+-------+---------+---------+-------
      Total |      33 |       8 |  19.5 |      19 |       4 |  17.4
            +---------+---------+-------+---------+---------+-------
        D:1 |      33 |       0 |   0.0 |      19 |       0 |   0.0
        D:2 |       0 |       8 | 100.0 |       0 |       4 | 100.0
            +---------+---------+-------+---------+---------+-------
